 Dungeon Crawl Stone Soup version 0.27-a0-1325-g58a489ad9e (webtiles) character file.

Game seed: 15816528146857517856

37 kae the Chopper (level 3, -4/32 (33) HPs)
             Began as a Hill Orc Fighter on June 24, 2021.
             Killed by divine providence
             ... invoked by an orc priest
              (14 damage)
             ... on level 3 of the Dungeon.
             The game lasted 00:00:39 (1737 turns).

kae the Chopper (Hill Orc Fighter)                  Turns: 1737, Time: 00:00:40

HP:   -4/32 (33)    AC: 11    Str: 19    XL:     3   Next: 39%
MP:   12/12         EV:  3    Int:  8    God:
Gold: 82            SH:  9    Dex: 10    Spells: 2/2 levels left

rFire    . . .     SeeInvis .   a - +0 war axe
rCold    . . .     Faith    .   c - +0 kite shield
rNeg     . . .     Spirit   .   j - +0 plate armour
rPois    .         Reflect  .   (no helmet)
rElec    .         Harm     .   (no cloak)
rCorr    .         Rampage  .   (no gloves)
Will     .....                  (no boots)
Stlth    ..........             o - amulet of magic regeneration
HPRegen  0.10/turn              r - ring of magical power
MPRegen  0.38/turn              (no ring)

@: lightly drained
A: no striking features
a: Convert to Beogh


You were on level 3 of the Dungeon.
You visited 1 branch of the dungeon, and saw 3 of its levels.

You collected 82 gold pieces.

Inventory:

Hand Weapons
 a - a +0 war axe (weapon)
Armour
 b - a +0 scale mail
 c - a +0 kite shield (worn)
 j - a +0 plate armour (worn)
Jewellery
 o - an amulet of magic regeneration (around neck)
 r - a ring of magical power (left hand)
Wands
 m - a wand of iceblast (8)
Scrolls
 e - a scroll of teleportation
 h - a scroll of holy word
 i - a scroll of noise
Potions
 d - 2 potions of might
 f - a potion of cancellation {unknown}
 g - a potion of attraction {unknown}
 k - 2 potions of mutation {unknown}
 n - a potion of heal wounds {unknown}


   Skills:
 + Level 4.2 Fighting
 * Level 4.4 Axes
 - Level 3.2 Armour
 - Level 3.2 Shields


You had 2 spell levels left.
You didn't know any spells.
Your spell library was empty.

Dungeon Overview and Level Annotations

Branches:
Dungeon (3/15)

Altars:
Zin


Message History

The orc priest shouts!
You block the orc's attack.
You barely miss the orc. The orc hits you but does no damage.
You slash the orc!
You kill the orc!
You block the orc's attack.
You hit the orc.
The orc is almost dead.
The orc hits you but does no damage. The orc hits you with a +0 club.
You slash the orc!
You kill the orc!
You hit the orc but do no damage. The orc hits you but does no damage.
You closely miss the orc. You barely miss the orc.
You block the orc's attack. x2
The orc hits you but does no damage.
The orc priest hits you but does no damage.
You hit the orc priest but do no damage.
You slash the orc! You barely miss the orc. You block the orc's attack.
The orc hits you but does no damage.
The orc priest hits you but does no damage.
The orc hits you but does no damage.
You slash the orc!
You kill the orc!
You barely miss the orc.
You hit the orc priest but do no damage.
You block the orc priest's attack. You block the orc's attack.
You slash the orc priest!
The orc priest is heavily wounded.
You hit the orc but do no damage. You closely miss the orc.
The orc priest hits you but does no damage.
The orc hits you with a +0 dagger. x2
The orc priest calls down the wrath of Beogh upon you.
Beogh smites you! You block the orc's attack.
Your shield and plate armour prevent you from hitting the orc priest.
The orc priest is heavily wounded.
You closely miss the orc. You slash the orc!
You kill the orc!
You block the orc's attack.
The orc priest invokes the aid of Beogh against you.
Beogh smites you!
You die... #........ ....... ...... ...o .oo

#.# #####
######.#......
#...@o.....#
##...o)##.#.#
#<........#
###########


You could see an orc priest and an orc.

Vanquished Creatures
  4 orcs (D:3)
  A bat (D:1)
  3 endoplasms
  A giant cockroach (D:1)
  7 goblins (D:2)
  3 hobgoblins
  2 jackals (D:1)
  2 kobolds
  A quokka (D:2)
  3 ball pythons (D:1)
  A frilled lizard (D:1)
  A rat (D:2)
29 creatures vanquished.

Notes
Turn   | Place    | Note
-------+----------+-------------------------------------------
     0 | D:1      | kae the Hill Orc Fighter began the quest for the Orb.
     0 | D:1      | Reached XP level 1. HP: 19/19 MP: 1/1
   304 | D:1      | Reached XP level 2. HP: 26/27 MP: 2/2
   748 | D:1      | Found a faded altar of an unknown god.
  1216 | D:2      | Reached XP level 3. HP: 30/31 MP: 3/3
  1270 | D:2      | Found a glowing silver altar of Zin.
  1737 | D:3      | Killed from afar by an orc priest

Illustrated notes

Levels and vault maps discovered:
D:1:      minmay_arrival_three_doors, layout_basic,
          dilly_ecumenical_altar_fadedgnrine, minmay_misc_feat_x,
          solitary_fountain, corexii_corridor_pit
D:2:      kennysheep_the_goblin_king, layout_basic, basic_altar
D:3:      layout_basic, minmay_goblin_kobold_house

Skill      XL: |  1  2 |
---------------+-------+-----
Axes           | 3 4 |  4.4
Fighting       | 4 |  4.2
Armour         | |  3.2
Shields        | |  3.2

Action                   || total
-------------------------++-------
Melee: War axe           ||    69
  Use: Scroll            ||     6
Armor: Scale mail        ||    22
       Plate armour      ||    28
Dodge: Dodged            ||    14
Block: Kite shield       ||    35

Table legend: (Time is in decaauts)
 A = Elapsed time spent in this place.
 B = Non-inter-level travel time spent in this place.
 C = Inter-level travel time spent in this place.
 D = Time resting spent in this place.
 E = Time spent auto-exploring this place.
 F = Levels seen in this place.
 G = Mean time per level.
                   A        B        C        D        E       F      G
               +--------+--------+--------+--------+--------+-----+--------+
         Total |   1773 |   1697 |     76 |     24 |   1475 |   3 |  591.0 |
       Dungeon |   1773 |   1697 |     76 |     24 |   1475 |   3 |  591.0 |
               +--------+--------+--------+--------+--------+-----+--------+

Top non-repeatable levels by time:
     D:2: 888 daAuts
     D:1: 834 daAuts
     D:3: 50 daAuts
